 Dungeon Crawl Stone Soup version 0.20-a0-876-g2c7b0bf (webtiles) character file.

105 polly the Skirmisher (level 4, 0/35 HPs)
             Began as a Demonspawn Fighter on Mar 16, 2017.
             Slain by Grinder (6 damage)
             ... while paralysed by Grinder
             ... on level 3 of the Dungeon.
             The game lasted 00:02:51 (2065 turns).

polly the Skirmisher (Demonspawn Fighter)           Turns: 2065, Time: 00:02:51

Health: 0/35       AC: 13    Str: 22    XL:     4   Next: 53%
Magic:  4/4        EV:  2    Int:  9    God:
Gold:   64         SH:  0    Dex: 13    Spells: 3/3 levels left

rFire    . . .     SeeInvis .     - Unarmed
rCold    . . .     Gourm    .   v - +0 chain mail
rNeg     . . .     Faith    .   b - +0 shield
rPois    .         Spirit   .   h - +0 helmet
rElec    .         Reflect  .   i - +0 cloak
rCorr    .         Harm     .   (no gloves)
MR       .....                  (no boots)
Stlth    ..........             (no amulet)
Regen    0.2/turn               (no ring)
MPRegen  0.1/turn               (no ring)

@: paralysed, mighty
A: claws 1, thin metallic scales 1, powered by death 1
a: no special abilities


You were on level 3 of the Dungeon.
You were very hungry.

You visited 1 branch of the dungeon, and saw 3 of its levels.

You collected 64 gold pieces.

Inventory:

Hand Weapons
 s - a +0 whip of electrocution
Armour
 b - a +0 shield (worn)
 h - a +0 helmet (worn)
 i - a +0 cloak (worn)
 l - a +0 troll leather armour
 v - a +0 chain mail (worn)
Jewellery
 j - an uncursed ring of flight
Scrolls
 e - 5 scrolls of identify {unknown}
 f - a scroll of magic mapping {unknown}
 g - a scroll of remove curse {unknown}
 o - 2 scrolls of random uselessness {unknown}
 r - a scroll of fog {unknown}
 t - 2 scrolls of blinking {unknown}
 u - a scroll of enchant weapon {unknown}
Potions
 a - 2 potions of curing {unknown}
 c - a potion of might
 k - 3 potions of heal wounds {unknown}
 n - a potion of haste {unknown}
 p - 2 potions of brilliance {unknown}
Comestibles
 d - a bread ration
 m - 3 fruits
 q - a royal jelly


   Skills:
 + Level 3.3 Fighting
 + Level 3.1 Armour
 - Level 1.0 Dodging
 - Level 3.1 Shields
 * Level 3.1 Unarmed Combat


You had 3 spell levels left.
You didn't know any spells.

Dungeon Overview and Level Annotations

Branches:
Dungeon (3/15)

Altars:
Dithmenos
Gozag
The Shining One

Annotations:
D:3 Grinder


Innate Abilities, Weirdness & Mutations

You have sharp fingernails.
You are partially covered in thin metallic scales. (AC +2)
You regenerate a little health from kills.


Message History

Grinder hits you but does no damage.
Your chain mail prevents you from hitting Grinder.
Grinder is heavily wounded.
Grinder hits you.
You writhe in agony.
You scratch Grinder but do no damage.
Grinder is heavily wounded.
Grinder hits you but does no damage.
You feel very mighty all of a sudden. You block Grinder's attack.
You claw Grinder!
Grinder is severely wounded.
Grinder gestures at you. Pain shoots through your body!
* * * LOW HITPOINT WARNING * * *
Your shield prevents you from hitting Grinder.
Grinder is severely wounded.
Grinder gestures at you.
You suddenly lose the ability to move!
Grinder hits you.
You die...

###.########.########.# #.. #.#
###.#.#.## #.# #.. #.# #........#
#.# ##. ##.# #.#.#(#.## #.# ##.
#..###........# #.# #..
##.##.#)#.#.#.### #.# #..
##....#).........# #.# #..
.#..##>#.#.#.#.#.#####.########..
....##.#.....<.5@................
.##.##.###.#.#.######..########..
.##.##.##.......# #..# #.#
.##.##...#.#.#.## #..# #.#
###.#####.......# #..########.#
#.# ##.#.#.## #.....†.....# #.#
#....)..#####..########## #.#
##.#.#.#.......#
#.#####.......########


You could see Grinder.

Vanquished Creatures
  Terence (D:2)
  4 adders
  A worm (D:3)
  2 dart slugs (D:3)
  A leopard gecko (D:1)
  3 orcs (D:3)
  5 goblins
  6 hobgoblins
  4 jackals (D:3)
  2 kobolds
  3 bats
  2 frilled lizards (D:3)
  2 rats
36 creatures vanquished.

Notes
Turn   | Place    | Note
-------+----------+-------------------------------------------
     0 | D:1      | polly the Demonspawn Fighter began the quest for the Orb.
     0 | D:1      | Reached XP level 1. HP: 18/18 MP: 1/1
   613 | D:2      | Gained mutation: You are partially covered in thin metallic scales. (AC +2) [demonic ancestry]
   613 | D:2      | Reached XP level 2. HP: 24/24 MP: 2/2
   785 | D:2      | Found a shadowy altar of Dithmenos.
  1193 | D:2      | Gained mutation: You regenerate a little health from kills. [demonic ancestry]
  1193 | D:2      | Reached XP level 3. HP: 24/29 MP: 3/3
  1485 | D:3      | Reached skill level 1 in Dodging
  1553 | D:3      | Found an opulent altar of Gozag.
  1854 | D:3      | Found a glowing golden altar of the Shining One.
  1876 | D:3      | Gained mutation: You have sharp fingernails. [demonic ancestry]
  1876 | D:3      | Reached XP level 4. HP: 24/35 MP: 4/4
  1957 | D:3      | Noticed Terence
  1957 | D:3      | Noticed Grinder
  1959 | D:3      | Paralysed by Grinder for 4 turns
  1990 | D:2      | Killed Terence
  2049 | D:3      | Paralysed by Grinder for 6 turns
  2064 | D:3      | Paralysed by Grinder for 3 turns
  2065 | D:3      | Slain by Grinder

Vault maps used:
D:1:      dpeg_arrival_pond
D:2:      nicolae_dithmenos_through_a_glass_darkly
D:3:      lemuel_crystal_altar, gammafunk_temple_overflow_elements,
          st_stairs_12, tso_metal_star, uniq_terence, uniq_grinder

Skill      XL: |  1  2  3  4 |
---------------+-------------+-----
Shields        | 3 |  3.1
Unarmed Combat | 2 3 |  3.1
Dodging        | 1 |  1.0
Armour         | 3 |  3.1
Fighting       | |  3.3

Action                   |  1- 3 |  4- 6 || total
-------------------------+-------+-------++-------
Melee: Unarmed           |   216 |    35 ||   251
  Use: Potion            |       |     1 ||     1
  Eat: Chunk             |     3 |       ||     3
Armor: Scale mail        |    15 |       ||    15
       Troll leather arm |    92 |     6 ||    98
       Chain mail        |       |     6 ||     6
Dodge: Dodged            |    81 |     7 ||    88
Block: Shield            |   108 |    10 ||   118
